 Dungeon Crawl Stone Soup version 0.25-a0-435-g4b9beb1 (webtiles) character file.

Game seed: 2487734942789342533, levelgen mode: deterministic

49 Blightor the Charmwright (level 3, 0/16 HPs)
             Began as a Felid Skald on Jan 27, 2020.
             Succumbed to an adder's poison
             ... on level 2 of the Dungeon.
             The game lasted 00:12:39 (2482 turns).

Blightor the Charmwright (Felid Skald)              Turns: 2482, Time: 00:12:40

Health: 0/16       AC:  1    Str:  5 (8)  XL:     3   Next: 51%
Magic:  4/7        EV: 18    Int: 13 (14) God:
Gold:   135        SH:  0    Dex: 13 (15) Spells: 3/6 levels left
                                        Lives:  0   Deaths: 0

rFire    . . .     SeeInvis +     - Unarmed
rCold    . . .     Gourm    .   (shield unavailable)
rNeg     + . .     Faith    .   (armour unavailable)
rPois    .         Spirit   .   (helmet unavailable)
rElec    .         Reflect  .   (cloak unavailable)
rCorr    .         Harm     .   (gloves unavailable)
MR       .....                  (boots unavailable)
Stlth    ++........             (no amulet)
HPRegen  0.05/turn              q - ring of wizardry
MPRegen  0.10/turn              p - ring of positive energy

@: lethally poisoned (0 -> -6), very slightly contaminated, quick
A: very small, no armour, no weapons or thrown items, stealth, claws 1, fangs 3,
see invisible, carnivore, speed 1, shaggy fur 1, slow metabolism 1, sharp paws
a: no special abilities


You were on level 2 of the Dungeon.
You were very full.

You visited 1 branch of the dungeon, and saw 2 of its levels.

You collected 135 gold pieces.

Inventory:

Jewellery
 n - an uncursed amulet of faith
 p - a ring of positive energy (right paw)
 q - a ring of wizardry (left paw)
Scrolls
 a - a scroll of remove curse
 d - a scroll of fog {unknown}
 j - 2 scrolls of identify {unknown}
Potions
 c - a potion of resistance {unknown}
 f - a potion of haste
 h - a potion of ambrosia {unknown}
 k - a potion of flight
 l - 2 potions of curing
 m - 3 potions of heal wounds
Comestibles
 b - 4 rations


   Skills:
 + Level 2.1 Fighting
 + Level 3.8 Dodging
 * Level 1.8 Stealth
 + Level 2.6 Unarmed Combat
 + Level 2.1 Spellcasting
 + Level 4.0 Charms


You had 3 spell levels left.
You knew the following spells:

 Your Spells              Type           Power        Failure   Level  Hunger
a - Infusion              Chrm           ##..         1%          1    ##.....
b - Shroud of Golubria    Chrm/Tloc      #.....       6%          2    ###....

Your spell library contained the following spells:

 Spells                   Type           Power        Failure   Level  Hunger
 Song of Slaying          Chrm           ##......     2%          2    ###....
 Ozocubu's Armour         Chrm/Ice       #.......     13%         3    ####...
 Spectral Weapon          Hex/Chrm       Unusable     N/A         3    N/A

Dungeon Overview and Level Annotations

Branches:
Dungeon (2/15)

Altars:
Gozag


Innate Abilities, Weirdness & Mutations

You cannot wear armour.
You are incapable of wielding weapons or throwing items.
Your paws allow you to move quietly. (Stealth)
You have sharp claws.
You have razor-sharp teeth.
You have supernaturally acute eyesight. (SInv)
You are carnivorous and can eat meat at any time.
You cover ground quickly.
You are covered in fur. (AC +1)
You have a slow metabolism.
Your sharp claws are effective at attacking unaware monsters.


Message History

You are lethally poisoned!
The adder poisons you!
You scratch the adder.
The adder is severely wounded.
You feel sick. The adder closely misses you.
You scratch the adder but do no damage.
The adder is severely wounded.
* * * LOW HITPOINT WARNING * * *
You feel sick. The adder misses you.
You scratch the adder.
You kill the adder!
You scratch the goblin but do no damage.
* * * LOW HITPOINT WARNING * * *
You feel sick. The goblin barely misses you.
* * * LOW HITPOINT WARNING * * *
You feel sick. The goblin closely misses you.
There is an open door here.
* * * LOW HITPOINT WARNING * * *
You feel sick.
You die...

.#..........#........####...(..#.
.####.......#[.......####.#.##.#.
.# #....)..#........#.......#.#.
.####.......#...####......#..#.#.
.....)...........................
.####.........#.######.####..#.#.
## #.....#####.######.# #..#.#.
#.....# #..##....# #....#.
#.....# ##@##....# ####.#. ###
#.....# #.##....# #.#. ..#
#.....##.###.##....# #.#. ..#
#.....##....)g'....# ####'#. ..#
#.....######.##....# #...... ..#
#.....# #..####†# #...... #.#
#.....##.....)..##'####...... #.#
########........#............ ..#
#........#............


You could see a goblin.

Vanquished Creatures
  An adder (D:2)
  A worm (D:2)
  3 leopard geckos
  4 bats
  2 giant cockroaches
  6 goblins
  4 hobgoblins
  3 ball pythons (D:1)
  2 frilled lizards
  3 kobolds
  5 rats
34 creatures vanquished.

Notes
Turn   | Place    | Note
-------+----------+-------------------------------------------
     0 | D:1      | Blightor the Felid Skald began the quest for the Orb.
     0 | D:1      | Reached XP level 1. HP: 9/9 MP: 4/4
   329 | D:1      | Reached XP level 2. HP: 13/13 MP: 6/6
   755 | D:1      | Reached skill level 1 in Stealth
  1733 | D:2      | Reached skill level 4 in Charms
  1980 | D:2      | Reached XP level 3. HP: 16/16 MP: 7/7
  2059 | D:2      | Learned a level 2 spell: Shroud of Golubria
  2215 | D:2      | Found an opulent altar of Gozag.
  2482 | D:2      | Succumbed to an adder's poison

Levels and vault maps discovered:
D:1:      sevenhm_arrival_forest_fort_large_2, layout_loops_ring
D:2:      layout_basic, bloody_trog, first_ration, st_stairs_8,
          nicolae_gozag_cash_rules_everything_around_me

Skill      XL: |  1  2 |
---------------+-------+-----
Stealth        | 1 |  1.8
Charms         | 4 |  4.0
Fighting       | |  2.1
Dodging        | |  3.8
Unarmed Combat | |  2.6
Spellcasting   | |  2.1

Action                   || total
-------------------------++-------
Melee: Unarmed           ||   132
       Bite              ||     3
       Punch             ||     1
 Cast: Infusion          ||     5
       Shroud of Golubri ||     3
  Use: Potion            ||     6
       Scroll            ||     5
 Stab: Sleeping          ||     2
       Distracted        ||     1
  Eat: Chunk             ||     9
Armor: Skin              ||     3
Dodge: Dodged            ||   100

Table legend:
 A = Non-vault XP
 B = Vault XP
 C = Vault XP percentage of total XP
 D = Non-vault monster count
 E = Vault monster count
 F = Vault count percentage of total count
                 A         B        C        D         E       F
            +---------+---------+-------+---------+---------+-------
      Total |      70 |       0 |   0.0 |      34 |       0 |   0.0
            +---------+---------+-------+---------+---------+-------
        D:1 |      32 |       0 |   0.0 |      20 |       0 |   0.0
        D:2 |      38 |       0 |   0.0 |      14 |       0 |   0.0
            +---------+---------+-------+---------+---------+-------
